 Dungeon Crawl Stone Soup version 0.31-a0-460-g9e667d4245 (webtiles) character file.

Game seed: 7641888858840020473

148 Xavori the Slasher (level 5, 0/39 (44) HPs)
             Began as a Djinni Chaos Knight on Aug 4, 2023.
             Was a Plaything of Xom.
             Slain by CraigForest's ghost (10 damage)
             ... on level 3 of the Dungeon.
             The game lasted 00:02:52 (10799 turns).

Xavori the Slasher (Djinni Chaos Knight)           Turns: 10799, Time: 00:02:54

HP:   0/39 (44)     AC:  5    Str: 13    XL:     5   Next: 56%
Gold: 157           EV: 12    Int: 14    God:    Xom [.*....] SH:  4 Dex: 17

rFire   + + .        h - +3 long sword "Puilop" {chaos, rElec Will+ MP+9 Dex+3}
rCold   x . .        (no shield)
rNeg    . . .        b - +2 leather armour
rPois   ∞            (helmet restricted)
rElec   +            (no cloak)
rCorr   .            (no gloves)
SInv    +            (boots unavailable)
Will    +....        (no amulet)
Stlth   ++           (no ring)
HPRegen 0.26/turn    (no ring)
MPRegen 0.00/turn

%: clarity, infuse magic (-1 HP)
@: flying, heavily drained
A: sickness immunity, fire resistance 2, cold vulnerability 1, float, innate
caster, HP casting, extra vitality 1, antennae 1, iridescent scales 1, large
bone plates 1, thin skeletal structure 1, see invisible, clarity, deformed body,
robust 1, electricity resistance, subdued magic 1, MP-powered wands
a: Renounce Religion


You were on level 3 of the Dungeon.
You worshipped Xom.
You were a plaything of Xom.
You visited 1 branch of the dungeon, and saw 3 of its levels.

You collected 157 gold pieces.

Inventory:

Hand Weapons
 a - a +0 falchion of chaos
 h - the +3 long sword "Puilop" (weapon) {chaos, rElec Will+ MP+9 Dex+3}
   (Xom gifted it to you on level 1 of the Dungeon)

   Dex:       It affects your dexterity (+3).
   rElec:     It insulates you from electricity.
   MP:        It affects your magic capacity (+9).
   Will:      It increases your willpower.
Armour
 b - a +2 leather armour (worn)
 j - a +2 helmet
Jewellery
 d - a +6 ring of strength
 e - a +6 ring of strength
Scrolls
 c - a scroll of butterflies
 f - a scroll of teleportation {unknown}
 g - a scroll of brand weapon {unknown}
 i - 2 scrolls of identify {unknown}
 k - a scroll of fear {unknown}
 l - a scroll of poison {unknown}
 n - a scroll of vulnerability {unknown}
 o - a scroll of fog {unknown}
Potions
 m - a potion of curing {unknown}


   Skills:
 + Level 3.3 Fighting
 + Level 3.6 Long Blades
 + Level 2.7 Armour
 + Level 2.6 Dodging
 + Level 0.1 Shields
 * Level 1.0 Spellcasting
 * Level 1.0 Conjurations
 * Level 1.0 Hexes
 * Level 1.0 Summonings
 * Level 1.0 Necromancy
 * Level 1.0 Translocations
 * Level 1.0 Transmutations
 * Level 1.0 Fire Magic
 * Level 1.0 Ice Magic
 * Level 1.0 Air Magic
 * Level 1.0 Earth Magic
 * Level 1.0 Poison Magic


You knew the following spells:

 Your Spells              Type           Power      Damage    Failure   Level
a - Sting                 Tmut/Pois      8%         1d3       19%         1
b - Lesser Beckoning      Tloc           4%         N/A       28%         2
Your spell library was empty.

Dungeon Overview and Level Annotations

Branches:
Dungeon (3/15)

Altars:
Xom

Shops:
D:1 (   D:2 [

Annotations:
D:3 1 transporter, CraigForest's ghost, amateur FoHu


Innate Abilities, Weirdness & Mutations

You are immune to sickness and miasma.
You are immune to poison.
Your flesh is very heat resistant. (rF++)
You are vulnerable to cold. (rC-)
You float through the air rather than walking.
You learn spells naturally, not from books.
Your magical power is your life essence.
You have superior vitality. (+4 MHP)
You have a pair of small antennae on your head.
You are partially covered in iridescent scales. (AC +2)
You are partially covered in large bone plates. (SH +4)
You have a somewhat thin skeletal structure. (Dex +2, Stealth+)
You have supernaturally acute eyesight. (SInv)
You possess an exceptional clarity of mind.
Armour fits poorly on your strangely shaped body.
You are robust. (+10% HP)
You are resistant to electric shocks. (rElec)
Your spells are a little easier to cast, but a little less powerful.
You expend health (3 HP) to strengthen your wands.


Message History

CraigForest's ghost seems less confused.
The quasit seems less confused.
You feel your dexterity returning.
Your Spellcasting skill increases to level 1!
Your Conjurations skill increases to level 1!
Your Hexes skill increases to level 1!
Your Summonings skill increases to level 1!
Your Necromancy skill increases to level 1!
Your Translocations skill increases to level 1!
Your Transmutations skill increases to level 1!
Your Fire Magic skill increases to level 1!
Your Ice Magic skill increases to level 1!
Your Air Magic skill increases to level 1!
Your Earth Magic skill increases to level 1!
Your Poison Magic skill increases to level 1!
Unknown command.
You hit CraigForest's ghost.
CraigForest's ghost seems to grow stronger.
CraigForest's ghost is almost destroyed.
CraigForest's ghost misses you. You block the quasit's attack.
The quasit claws you but does no damage. x2
CraigForest's ghost barely misses you.
Unknown command.
Unknown command.
You completely miss CraigForest's ghost.
CraigForest's ghost is almost destroyed.
The quasit bites you but does no damage.
The quasit claws you but does no damage.
The quasit barely misses you. The quasit closely misses you.
You block the quasit's attack.
The quasit claws you but does no damage.
CraigForest's ghost hits you!
* * * LOW HITPOINT WARNING * * *
You hit CraigForest's ghost but do no damage.
CraigForest's ghost is almost destroyed.
You block the quasit's attack.
The quasit claws you but does no damage. x2
CraigForest's ghost hits you!
You die...
Xom chuckles heartily!

#.####### #.# #.#.##.# # #.# #.#
#.#....# # #.# #.# #.#.###### #.#
#.##########......... #.#
#.##.......###.###### #.#
#....#####...#.## #.#
##..###...###....# #.#
#...#.......##...# #.#
#...#@W.#.#..#.†.# #.#
#...#5..#.#..#.+## #.#
#..##5#.?...##..# #=#
#..#.#...#..#...# #.#
#######..#...#©.=[#©..# #.#
#.....#..##.....#$#..#######
#.####.....#..©#.#...#.##........
#....'.....'..##..##.#. #.#######
######.....#..#©..#...#.#........


You could see 2 quasits and CraigForest's ghost (strong).

Vanquished Creatures
  A quasit (D:3)
  Jessica (D:2)
  3 adders
  2 dart slugs
  2 orcs (D:3)
  6 ball pythons
  7 bats
  4 endoplasms
  A giant cockroach (D:3)
  2 hobgoblins (D:1)
  5 quokkas
  7 frilled lizards
  4 goblins
  4 kobolds
  9 rats
58 creatures vanquished.

Notes
Turn   | Place    | Note
-------+----------+-------------------------------------------
     0 | D:1      | Xavori the Djinni Chaos Knight began the quest for the Orb.
     0 | D:1      | Reached XP level 1. HP: 20/20 MP: 0/0
   238 | D:1      | XOM: divination: detect items
  1010 | D:1      | XOM: silly message
  1102 | D:1      | XOM: god gift: 3 stones
  1507 | D:1      | XOM: 1-stop teleportation journey
  1525 | D:1      | Found a faded altar of an unknown god.
  1540 | D:1      | Reached XP level 2. HP: 14/25 MP: 0/0
  1805 | D:1      | Reached XP level 3. HP: 30/30 MP: 0/0
  1805 | D:1      | Learned a level 1 spell: Sting
  1888 | D:1      | Found Bugano Joel's Weapon Boutique.
  1937 | D:1      | XOM: noise
  2812 | D:1      | XOM: divination: detect items
  2901 | D:1      | XOM: silly message
  2912 | D:1      | XOM: give mutations
  2912 | D:1      | Gained mutation: Your spells are a little easier to cast,
                  | but a little less powerful. [Xom's mischief]
  2912 | D:1      | Gained mutation: You have hidden genetic potential. [Xom's
                  | mischief]
  2912 | D:1      | Lost mutation: Your spells are a little easier to cast, but
                  | a little less powerful. [Xom's mischief]
  2912 | D:1      | Lost mutation: You have hidden genetic potential. [Xom's
                  | mischief]
  3117 | D:1      | XOM is BORED!
  3159 | D:1      | XOM: give mutations
  3159 | D:1      | Gained mutation: Your spells are a little easier to cast,
                  | but a little less powerful. [Xom's mischief]
  3159 | D:1      | Lost mutation: Your spells are a little easier to cast, but
                  | a little less powerful. [Xom's mischief]
  3159 | D:1      | Gained mutation: You have supernaturally acute eyesight.
                  | (SInv) [Xom's mischief]
  3159 | D:1      | Gained mutation: You are resistant to electric shocks.
                  | (rElec) [Xom's mischief]
  3198 | D:1      | XOM: summons 4 hostile shadow creatures
  3353 | D:2      | XOM: scenery: summon butterflies
  4226 | D:1      | XOM: scenery: summon butterflies
  4490 | D:1      | Identified the +3 long sword "Puilop" {heavy, rElec Will+
                  | MP+9 Dex+3} (Xom gifted it to you on level 1 of the
                  | Dungeon)
  4490 | D:1      | XOM: god gift: +3 long sword "Puilop" {chaos, rElec Will+
                  | MP+9 Dex+3}
  4713 | D:1      | XOM: divination: magic mapping
  4930 | D:1      | XOM: scenery: summon butterflies
  5121 | D:1      | XOM: divination: detect items
  5481 | D:1      | XOM: scenery: summon butterflies
  5551 | D:1      | XOM: give mutation
  5551 | D:1      | Gained mutation: You are partially covered in iridescent
                  | scales. (AC +2) [Xom's mischief]
  6109 | D:1      | XOM: summons 2 hostile demons
  6336 | D:1      | XOM is BORED!
  6336 | D:1      | XOM: summons 3 hostile shadow creatures
  6361 | D:2      | XOM: 2-stop teleportation journey
  6489 | D:2      | Noticed Jessica
  6492 | D:2      | Killed Jessica
  6493 | D:2      | Reached XP level 4. HP: 35/35 MP: 0/0
  6523 | D:2      | Found Qeucuux's Armour Shoppe.
  6691 | D:1      | XOM: give mutations
  6691 | D:1      | Gained mutation: Your spells are a little easier to cast,
                  | but a little less powerful. [Xom's mischief]
  7092 | D:1      | XOM: draining
  7382 | D:1      | XOM: torment (16/29 hp)
  7983 | D:1      | XOM: give mutations
  7983 | D:1      | Gained mutation: You have a pair of small antennae on your
                  | head. [Xom's mischief]
  7983 | D:1      | Gained mutation: You have a somewhat thin skeletal
                  | structure. (Dex +2, Stealth+) [Xom's mischief]
  7983 | D:1      | Gained mutation: You expend health (3 HP) to strengthen
                  | your wands. [Xom's mischief]
  7983 | D:1      | Gained mutation: Armour fits poorly on your strangely
                  | shaped body. [Xom's mischief]
  8363 | D:1      | XOM: draining
  8677 | D:1      | XOM is BORED!
  8678 | D:1      | XOM: scenery: create altars
  8984 | D:1      | XOM: give mutations
  8984 | D:1      | Gained mutation: You possess an exceptional clarity of
                  | mind. [Xom's grace]
  8984 | D:1      | Gained mutation: You are partially covered in large bone
                  | plates. (SH +4) [Xom's grace]
  8984 | D:1      | Gained mutation: You are robust. (+10% HP) [Xom's grace]
  9895 | D:3      | Reached XP level 5. HP: 29/35 MP: 0/0
  9895 | D:3      | Learned a level 2 spell: Lesser Beckoning
 10090 | D:3      | Found a transporter.
 10092 | D:3      | Noticed CraigForest's ghost (amateur FoHu)
 10153 | D:3      | Found a transporter.
 10230 | D:3      | XOM: cloud trail
 10541 | D:3      | XOM: god gift: shiny helmet {god gift}
 10604 | D:3      | XOM is BORED!
 10777 | D:3      | XOM: confuse monster(s)
 10779 | D:3      | XOM: divination: detect creatures
 10797 | D:3      | Reached skill level 1 in Spellcasting
 10797 | D:3      | Reached skill level 1 in Conjurations
 10797 | D:3      | Reached skill level 1 in Hexes
 10797 | D:3      | Reached skill level 1 in Summonings
 10797 | D:3      | Reached skill level 1 in Necromancy
 10797 | D:3      | Reached skill level 1 in Translocations
 10797 | D:3      | Reached skill level 1 in Transmutations
 10797 | D:3      | Reached skill level 1 in Fire Magic
 10797 | D:3      | Reached skill level 1 in Ice Magic
 10797 | D:3      | Reached skill level 1 in Air Magic
 10797 | D:3      | Reached skill level 1 in Earth Magic
 10797 | D:3      | Reached skill level 1 in Poison Magic
 10799 | D:3      | Slain by CraigForest's ghost

Illustrated notes

Levels and vault maps discovered:
D:1:      tarquinn_simple_flora_water_e, layout_loops_ring, serial_shops,
          nicolae_shop_window_shopping, hellmonk_ecumenical_altar_arch_garden
D:2:      layout_loops_ring, serial_shops, shop, uniq_jessica
D:3:      layout_basic, gammafunk_ghost_stat_death, moated_statue

Skill      XL: |  1  2  3  4  5 |
---------------+----------------+-----
Long Blades    | 3 |  3.6
Armour         | 2 |  2.7
Spellcasting   | 1 |  1.0
Conjurations   | 1 |  1.0
Hexes          | 1 |  1.0
Summonings     | 1 |  1.0
Necromancy     | 1 |  1.0
Translocations | 1 |  1.0
Transmutations | 1 |  1.0
Fire Magic     | 1 |  1.0
Ice Magic      | 1 |  1.0
Air Magic      | 1 |  1.0
Earth Magic    | 1 |  1.0
Poison Magic   | 1 |  1.0
Fighting       | |  3.3
Dodging        | |  2.6
Shields        | |  0.1

Action                     |  1- 3 |  4- 6 || total
---------------------------+-------+-------++-------
  Melee: Falchion          |    54 |       ||    54
         Punch             |     1 |     1 ||     2
         Long sword        |    10 |    63 ||    73
   Stab: Sleeping          |       |    10 ||    10
         Confused          |       |     2 ||     2
 Armour: Leather armour    |    25 |    50 ||    75
  Dodge: Dodged            |    46 |    58 ||   104
  Block: Other             |       |    24 ||    24

Table legend: (Time is in decaauts)
 A = Elapsed time spent in this place.
 B = Non-inter-level travel time spent in this place.
 C = Inter-level travel time spent in this place.
 D = Time resting spent in this place.
 E = Time spent auto-exploring this place.
 F = Levels seen in this place.
 G = Mean time per level.
                   A        B        C        D        E       F      G
               +--------+--------+--------+--------+--------+-----+--------+
         Total |  10827 |  10720 |    107 |   8252 |   2028 |   3 | 3609.0 |
       Dungeon |  10827 |  10720 |    107 |   8252 |   2028 |   3 | 3609.0 |
               +--------+--------+--------+--------+--------+-----+--------+

Top non-repeatable levels by time:
     D:1: 8661 daAuts
     D:2: 1097 daAuts
     D:3: 1069 daAuts
